 Dungeon Crawl Stone Soup version 0.28-a0-1510-gd0f6b136d3 (webtiles) character file.

Game seed: 2810806976357241560

854 enile the Skirmisher (level 7, 0/57 HPs)
             Began as a Mummy Cinder Acolyte on Jan 14, 2022.
             Was a Follower of Ignis.
             Killed from afar by Edmund (4 damage)
             ... with a puff of flame
             ... on level 5 of the Dungeon.
             The game lasted 00:11:49 (7213 turns).

enile the Skirmisher (Mummy Cinder Acolyte)         Turns: 7213, Time: 00:11:53

Health: 0/57       AC:  6    Str: 17    XL:     7   Next: 70%
Magic:  13/13      EV: 12    Int: 15    God:    Ignis [*.....]
Gold:   165        SH:  0    Dex:  8    Spells: 10/14 levels left

rFire   . . .      SeeInvis .   o - +4 quarterstaff (chaos)
rCold   + . .      Faith    .   (shield currently unavailable)
rNeg    + + +      Spirit   .   g - +2 animal skin
rPois   ∞          Reflect  .   h - +0 helmet
rElec   .          Harm     .   j - +0 cloak
rCorr   .          Rampage  .   (no gloves)
Will    .....                   (no boots)
Stlth   +.........              (no amulet)
HPRegen 0.19/turn               (no ring)
MPRegen 0.13/turn               (no ring)

@: no status effects
A: cold resistance 1, negative energy resistance 3, torment resistance 2, heat
vulnerability 1, no potions
a: Renounce Religion, Fiery Armour, Foxfire Swarm


You were on level 5 of the Dungeon.
You worshipped Ignis.
Ignis was aware of your devotion.
You visited 1 branch of the dungeon, and saw 5 of its levels.

You collected 165 gold pieces.

Inventory:

Hand Weapons
 a - a -1 hand axe of flaming
 i - a +0 vampiric dagger
 o - a +4 quarterstaff of chaos (weapon)
 p - a +0 hand axe of freezing
 t - a +3 halberd
 w - a +0 giant spiked club
Missiles
 e - 144 stones (quivered)
 y - 5 silver javelins
Armour
 b - a +0 robe
 g - a +2 animal skin (worn)
 h - a +0 helmet (worn)
 j - a +0 cloak (worn)
Magical Staves
 d - a staff of poison
Wands
 n - a wand of paralysis (9)
 q - a wand of flame (11)
 x - a wand of charming (4)
Scrolls
 c - 4 scrolls of identify {unknown}
 f - a scroll of amnesia {unknown}
 l - 3 scrolls of fog {unknown}
 m - a scroll of teleportation {unknown}
 r - a scroll of enchant armour {unknown}
 s - a scroll of immolation {unknown}
 u - a scroll of vulnerability {unknown}
 v - a scroll of noise {unknown}


   Skills:
 + Level 5.6 Fighting
 - Level 2.4 Axes
 - Level 3.0 Staves
 - Level 2.0 Armour
 - Level 2.0 Dodging
 - Level 4.0 Spellcasting
 - Level 3.0 Fire Magic
 - Level 2.0 Evocations


You had 10 spell levels left.
You knew the following spells:

 Your Spells              Type           Power      Damage    Failure   Level
a - Scorch                Fire           24%        2d6       8%          2
b - Blink                 Tloc           6%         N/A       26%         2

Your spell library contained the following spells:

 Spells                   Type           Power      Damage    Failure   Level
 Manifold Assault         Tloc           3%         N/A       99%         5
 Chain Lightning          Conj/Air       1%         3d2       100%        9
 Fire Storm               Conj/Fire      3%         8d1       100%        9
 Shatter                  Erth           1%         3d6*      100%        9
 Storm Form               Tmut/Air       Unusable   N/A       N/A         7

Dungeon Overview and Level Annotations

Branches:
Dungeon (5/15)
 Temple: D:4-7

Altars:
Elyvilon
Trog
Vehumet
Yredelemnul
The Shining One

Shops:
D:1 [[*

Annotations:
D:2 Sigmund
D:5 exclusion: statue, Edmund


Innate Abilities, Weirdness & Mutations

You are immune to poison.
Your flesh is cold resistant. (rC+)
You are immune to negative energy. (rN+++)
You are immune to unholy pain and torment.
You are vulnerable to heat. (rF-)
You do not drink.


Message History

Edmund hits you with a +3 dire flail of protection.
Edmund hits you with a +3 dire flail of protection!
* * * LOW HITPOINT WARNING * * *
Activating: Foxfire Swarm
Press: ? - help, Dir - look around, f - activate Flames leap up around you!
The foxfire hits the ogre.
The ogre is lightly wounded.
Edmund hits you with a +3 dire flail of protection!
* * * LOW HITPOINT WARNING * * *
Your foxfire dissipates!
The foxfire hits Edmund but does no damage.
Edmund is moderately wounded.
The foxfire hits Edmund but does no damage.
Edmund is moderately wounded.
The foxfire hits Edmund but does no damage.
Edmund is moderately wounded.
The foxfire hits Edmund but does no damage.
Edmund is moderately wounded.
The foxfire hits the ogre but does no damage.
The ogre is lightly wounded.
The foxfire hits Edmund but does no damage.
Edmund is moderately wounded.
The foxfire hits Edmund but does no damage.
Edmund is moderately wounded.
The foxfire hits Edmund but does no damage.
Edmund is moderately wounded.
The foxfire hits Edmund but does no damage.
Edmund is moderately wounded.
The foxfire hits Edmund but does no damage.
Edmund is moderately wounded.
The foxfire hits Edmund but does no damage.
Edmund is moderately wounded.
The foxfire hits Edmund but does no damage.
Edmund is moderately wounded.
The foxfire hits Edmund but does no damage.
Edmund is moderately wounded.
The foxfire hits Edmund but does no damage.
Edmund is moderately wounded.
Edmund zaps a wand.
The puff of flame hits you.
You die...

#### ## ## ##_## .#
8...8 ######.# .....
#...... .....
#.§§.O# .....
#.§§v@# 8...8
#.§§.v# ##_##
+.§@§§+ #### #.§§§§#
#.# #.....# #.#
#.....# #.# #.....#
#.# #.....# #.###
#.....#
....##########.....#
...................#


You could see Edmund (ally target) and an ogre.

Vanquished Creatures
  Eustachio (D:4)
  Menkaure (D:5)
  An ogre (D:4)
  3 wights
  A howler monkey (D:4)
  A hound (D:3)
  Crazy Yiuf (D:2)
  A gnoll shaman (D:5)
  Natasha (thrice) (D:3)
  Robin (D:2)
  3 gnolls (D:5)
  4 adders
  An ufetubus (D:3)
  A worm (D:2)
  6 orcs
  6 endoplasms
  A giant cockroach (D:3)
  20 goblins
  7 hobgoblins
  6 jackals
  6 quokkas
  8 ball pythons
  7 bats
  7 kobolds
  3 rats
  A spectral orc (D:3)
101 creatures vanquished.

Vanquished Creatures (others)
  42 foxfires
42 creatures vanquished.

Grand Total: 143 creatures vanquished

Notes
Turn   | Place    | Note
-------+----------+-------------------------------------------
     0 | D:1      | enile the Mummy Cinder Acolyte began the quest for the Orb.
     0 | D:1      | Reached XP level 1. HP: 18/18 MP: 2/2
   756 | D:1      | Reached XP level 2. HP: 24/24 MP: 4/4
  1156 | D:1      | Found Erghat's General Store.
  1177 | D:1      | Reached skill level 4 in Fighting
  1180 | D:1      | Learned a level 2 spell: Scorch
  1325 | D:1      | Found Moinwel's Armour Shop.
  1408 | D:1      | Found a faded altar of an unknown god.
  1545 | D:1      | Reached XP level 3. HP: 30/30 MP: 1/6
  1664 | D:1      | Found Idoem's Antique Armour Emporium.
  2056 | D:2      | Noticed Robin
  2271 | D:2      | Killed Robin
  2413 | D:2      | Reached XP level 4. HP: 27/37 MP: 8/8
  2992 | D:2      | Found a runed translucent door.
  2993 | D:2      | Noticed Crazy Yiuf
  3049 | D:2      | Noticed Sigmund
  3497 | D:2      | Killed Crazy Yiuf
  3858 | D:3      | Reached XP level 5. HP: 41/43 MP: 9/9
  4036 | D:3      | Reached skill level 5 in Fighting
  4152 | D:3      | Found a basalt altar of Yredelemnul.
  4156 | D:3      | Reached skill level 1 in Evocations
  4186 | D:3      | Noticed Natasha
  4191 | D:3      | Killed Natasha
  4432 | D:3      | Found a bloodstained altar of Trog.
  4583 | D:3      | Noticed Natasha
  4588 | D:3      | Killed Natasha
  4619 | D:3      | Noticed Natasha
  4630 | D:3      | Killed Natasha
  4687 | D:3      | Reached skill level 1 in Staves
  4687 | D:3      | Reached XP level 6. HP: 21/51 MP: 10/10
  5076 | D:4      | Learned a level 2 spell: Blink
  5577 | D:4      | Noticed Eustachio
  5593 | D:4      | Killed Eustachio
  5594 | D:4      | Reached XP level 7. HP: 46/56 MP: 13/13
  6266 | D:5      | Entered Level 5 of the Dungeon
  6747 | D:5      | Reached skill level 1 in Armour
  7068 | D:5      | Noticed Menkaure
  7079 | D:5      | Killed Menkaure
  7195 | D:5      | Found a radiant altar of Vehumet.
  7204 | D:5      | Noticed Edmund
  7213 | D:5      | Killed from afar by Edmund

Illustrated notes

Levels and vault maps discovered:
D:1:      saegor_arrival_under_anarchy, layout_basic, serial_shops, shop,
          nicolae_shop_temple_entry_statues_fountains, shop_fountains,
          shapermc_ecumenical_altar_pompeii, lemuel_old_faithful
D:2:      layout_loops_ring, uniq_sigmund, uniq_robin, uniq_crazy_yiuf_cottage
D:3:      layout_loops_ring, yredelemnul_forgotten_temple_becter,
          lightli_temple_of_fire, uniq_natasha
D:4:      layout_loops_ring, st_stairs_10, uniq_eustachio
D:5:      layout_basic, pdpol_wu_jian_five_deadly_venoms,
          nicolae_overflow_hidden_temple, vehumet_statue, temple_statues,
          uniq_edmund, uniq_menkaure

Skill      XL: |  1  2  3  4  5  6  7 |
---------------+----------------------+-----
Fighting       | 4 5 |  5.6
Spellcasting   | 2 3 4 |  4.0
Fire Magic     | 3 |  3.0
Evocations     | 2 |  2.0
Staves         | 1 3 |  3.0
Dodging        | 2 |  2.0
Armour         | 2 |  2.0
Axes           | |  2.4

Action                   |  1- 3 |  4- 6 |  7- 9 || total
-------------------------+-------+-------+-------++-------
Melee: Hand axe          |    93 |       |       ||    93
       Punch             |     1 |     1 |       ||     2
       Dagger            |       |    37 |       ||    37
       Quarterstaff      |       |    52 |    34 ||    86
Throw: Javelin           |       |     2 |     7 ||     9
       Stone             |       |       |     3 ||     3
       Throwing net      |       |       |     1 ||     1
 Cast: Scorch            |    12 |    20 |     6 ||    38
Invok: Foxfire Swarm     |     1 |     1 |     1 ||     3
       Fiery Armour      |     3 |     3 |       ||     6
       Rising Flame      |       |       |     1 ||     1
 Stab: Sleeping          |     1 |       |       ||     1
       Petrified         |       |     3 |       ||     3
       Petrifying        |       |     1 |       ||     1
       Held in net/web   |       |       |     2 ||     2
Armor: Robe              |    32 |       |       ||    32
       Animal skin       |       |    30 |    10 ||    40
Dodge: Dodged            |    69 |    67 |    22 ||   158

Table legend: (Time is in decaauts)
 A = Elapsed time spent in this place.
 B = Non-inter-level travel time spent in this place.
 C = Inter-level travel time spent in this place.
 D = Time resting spent in this place.
 E = Time spent auto-exploring this place.
 F = Levels seen in this place.
 G = Mean time per level.
                   A        B        C        D        E       F      G
               +--------+--------+--------+--------+--------+-----+--------+
         Total |   7261 |   6867 |    394 |   1428 |   4543 |   5 | 1452.2 |
       Dungeon |   7261 |   6867 |    394 |   1428 |   4543 |   5 | 1452.2 |
               +--------+--------+--------+--------+--------+-----+--------+

Top non-repeatable levels by time:
     D:1: 2199 daAuts
     D:3: 1707 daAuts
     D:2: 1499 daAuts
     D:4: 1323 daAuts
     D:5: 530 daAuts
